 Dungeon Crawl Stone Soup version 0.27-a0-550-ge92ec0ca06 (webtiles) character file.

Game seed: 157345448845858407

126 gruber the Cudgeller (level 5, -1/50 HPs)
             Began as an Ogre Warper on Mar 7, 2021.
             Slain by a worker ant (4 damage)
             ... on level 2 of the Dungeon.
             The game lasted 00:03:28 (3466 turns).

gruber the Cudgeller (Ogre Warper)                  Turns: 3466, Time: 00:03:29

Health: -1/50      AC:  3    Str: 16    XL:     5   Next: 9%
Magic:  3/8        EV:  9    Int: 14    God:
Gold:   172        SH:  0    Dex:  8    Spells: 3/8 levels left

rFire    . . .     SeeInvis .   v - +0 flail
rCold    . . .     Faith    .   (no shield)
rNeg     . . .     Spirit   .   b - +0 robe
rPois    .         Reflect  .   (helmet restricted)
rElec    .         Harm     .   (no cloak)
rCorr    .         Rampage  .   (gloves unavailable)
Will     .....                  (boots unavailable)
Stlth    +.........             n - amulet of the acrobat
HPRegen  0.16/turn              (no ring)
MPRegen  0.11/turn              (no ring)

@: lethally poisoned (-1 -> -5)
A: large, unfitting armour, tough skin 1
a: no special abilities


You were on level 2 of the Dungeon.
You visited 1 branch of the dungeon, and saw 3 of its levels.

You collected 172 gold pieces.

Inventory:

Hand Weapons
 f - a +0 hunting sling
 v - a +0 flail (weapon)
Missiles
 e - 5 boomerangs of dispersal (quivered)
 g - 254 stones
 j - 16 sling bullets
 m - a throwing net
Armour
 b - a +0 robe (worn)
Jewellery
 n - an amulet of the acrobat (around neck)
Scrolls
 c - 3 scrolls of fog {unknown}
 d - 3 scrolls of blinking
 l - a scroll of enchant armour {unknown}
 o - 4 scrolls of fear {unknown}
 p - a scroll of magic mapping {unknown}
 s - 4 scrolls of identify {unknown}
 u - a scroll of teleportation {unknown}
Potions
 a - 2 potions of haste {unknown}
 h - a potion of ambrosia {unknown}
 i - 3 potions of curing {unknown}
 k - 2 potions of heal wounds {unknown}
 q - a potion of berserk rage {unknown}
 r - 2 potions of magic {unknown}
 t - a potion of lignification {unknown}


   Skills:
 - Level 2.6 Fighting
 + Level 4.6 Maces & Flails
 - Level 1.0 Throwing
 - Level 2.1 Dodging
 - Level 2.4 Spellcasting
 - Level 2.6 Translocations


You had 3 spell levels left.
You knew the following spells:

 Your Spells              Type           Power      Damage    Failure   Level
a - Blink                 Tloc           N/A        N/A       12%         2
b - Teleport Other        Tloc           9%         N/A       22%         3

Your spell library contained the following spells:

 Spells                   Type           Power      Damage    Failure   Level
 Gell's Gravitas          Tloc           4%         N/A       22%         3
 Lesser Beckoning         Tloc           4%         N/A       22%         3
 Manifold Assault         Tloc           9%         N/A       58%         4


Dungeon Overview and Level Annotations

Branches:
Dungeon (3/15)

Altars:
Makhleb
Ru
Zin


Innate Abilities, Weirdness & Mutations

You are too large for most types of armour.
You have tough skin. (AC +1)


Message History

The worker ant resists with significant effort.
The worker ant bites you but does no damage.
The worker ant bites you.
You are more poisoned.
The worker ant poisons you!
Casting: Teleport Other (dangerous; 22% risk of failure)
Confirm with . or Enter, or press ? or * to list all spells.
Aiming: Teleport Other (dangerous; 22% risk of failure)
Press: ? - help, Shift-Dir - straight line, f/p - worker ant
Aim: a worker ant (chance to affect: 52%)
The worker ant resists with significant effort.
You feel sick. The worker ant bites you.
You are more poisoned.
The worker ant poisons you!
Unknown command.
You feel sick.
You feel sick.
You feel sick.
The worker ant bites you but does no damage.
You feel sick.
You feel sick.
The orc priest looks encouraged for a moment.
There is an open door here.
You feel sick.
You feel sick.
The orc priest looks braver for a moment.
The worker ant completely misses you.
You feel sick.
You feel sick.
There is a stone staircase leading up here.
You feel sick. The worker ant bites you!
* * * LOW HITPOINT WARNING * * *
You climb upwards.
You feel sick.
There is a stone staircase leading down here.
You sock the worker ant!
The worker ant is severely wounded.
You feel sick. The worker ant bites you.
* * * LOW HITPOINT WARNING * * *
The worker ant bites you.
You die...

################
#...@.)........#
#....B########.#
#.....# ###.####
#.....######......#
####.......#......#
#.#####.#......#
#(#####.#......###
#.................
#######.....#†####


You could see a worker ant.

Vanquished Creatures
  3 adders (D:2)
  A worm (D:2)
  7 dart slugs
  A leopard gecko (D:1)
  6 orcs (D:3)
  3 ball pythons
  2 giant cockroaches
  8 goblins
  11 hobgoblins
  3 jackals (D:2)
  11 bats
  5 frilled lizards
  4 kobolds
  7 rats
72 creatures vanquished.

Notes
Turn   | Place    | Note
-------+----------+-------------------------------------------
     0 | D:1      | gruber the Ogre Warper began the quest for the Orb.
     0 | D:1      | Reached XP level 1. HP: 22/22 MP: 3/3
   218 | D:1      | Reached skill level 2 in Maces & Flails
   343 | D:1      | Reached XP level 2. HP: 25/29 MP: 5/5
   645 | D:1      | Learned a level 2 spell: Blink
  1036 | D:1      | Reached skill level 3 in Maces & Flails
  1046 | D:1      | Reached XP level 3. HP: 36/36 MP: 6/6
  1795 | D:2      | Reached XP level 4. HP: 23/44 MP: 7/7
  1996 | D:2      | Reached skill level 4 in Maces & Flails
  2665 | D:2      | Found a burning altar of Makhleb.
  2665 | D:2      | Found a glowing silver altar of Zin.
  2665 | D:2      | Found a sacrificial altar of Ru.
  3198 | D:3      | Reached XP level 5. HP: 50/50 MP: 8/8
  3212 | D:3      | Learned a level 3 spell: Teleport Other
  3466 | D:2      | Slain by a worker ant

Illustrated notes

Levels and vault maps discovered:
D:1:      dpeg_arrival_ternary, layout_loops_ring
D:2:      layout_basic, chequers_temple_overflow_statue_of_worship
D:3:      layout_basic

Skill      XL: |  1  2  3  4 |
---------------+-------------+-----
Maces & Flails | 2 3 4 |  4.6
Fighting       | |  2.6
Throwing       | |  1.0
Dodging        | |  2.1
Spellcasting   | |  2.4
Translocations | |  2.6

Action                   |  1- 3 |  4- 6 || total
-------------------------+-------+-------++-------
Melee: Mace              |    51 |    64 ||   115
       Flail             |       |    14 ||    14
 Fire: Hunting sling     |    66 |   107 ||   173
 Cast: Teleport Other    |       |     2 ||     2
Armor: Robe              |    23 |    68 ||    91
Dodge: Dodged            |    59 |    87 ||   146

Table legend: (Time is in decaauts)
 A = Elapsed time spent in this place.
 B = Non-inter-level travel time spent in this place.
 C = Inter-level travel time spent in this place.
 D = Time resting spent in this place.
 E = Time spent auto-exploring this place.
 F = Levels seen in this place.
 G = Mean time per level.
                   A        B        C        D        E       F      G
               +--------+--------+--------+--------+--------+-----+--------+
         Total |   3520 |   3465 |     55 |    188 |   2602 |   3 | 1173.3 |
       Dungeon |   3520 |   3465 |     55 |    188 |   2602 |   3 | 1173.3 |
               +--------+--------+--------+--------+--------+-----+--------+

Top non-repeatable levels by time:
     D:1: 1527 daAuts
     D:2: 1423 daAuts
     D:3: 568 daAuts
